 Dungeon Crawl Stone Soup version 0.31.0-12-g77e489cdc1 (webtiles) character file.

Game seed: 6537139145775240774

274906 beigtais the Crack Shot (level 19, -7/108 HPs)
             Began as a Spriggan Hunter on Jan 23, 2024.
             Was the Champion of Makhleb.
             Mangled by a +0 war axe of distortion (19 damage)
             ... animated by Zenata
             ... on level 3 of the Vaults on Feb 16, 2024.
             The game lasted 04:29:00 (60323 turns).

beigtais the Crack Shot (Spriggan Hunter)          Turns: 60323, Time: 04:29:02

Health: -7/108     AC:  8    Str:  5    XL:     19   Next: 92%
Magic:  12/12      EV: 32    Int: 17    God:    Makhleb [******]
Gold:   2608       SH:  5    Dex: 24    Spells: 11/43 levels left

rFire   + + .        d - +5 hand cannon of Causality {antimagic, rPois Str-3 Int+5}
rCold   + + .        (no shield)
rNeg    + . .        H - +2 robe {rC+ rF+}
rPois   +            q - +2 hat {Will+}
rElec   .            Z - scarf {rC+ rF+}
rCorr   .            (gloves unavailable)
SInv    +            (boots unavailable)
Will    ++++.        i - amulet of reflection
Stlth   ++++         h - ring of flight
HPRegen 1.18/turn    R - ring of positive energy
MPRegen 0.13/turn

%: random rage (3%), reflection
@: flying, studying 3 skills, very quick
A: very small, no large weapons, unfitting armour, see invisible, speed 3,
iridescent scales 1, agile 1, berserk 1, regeneration 1, weak 1
}: 1/15 runes: barnacled
a: Renounce Religion, Minor Destruction, Lesser Servant of Makhleb, Major
Destruction, Greater Servant of Makhleb


You were on level 3 of the Vaults.
You worshipped Makhleb.
Makhleb was exalted by your worship.
You visited 8 branches of the dungeon, and saw 34 of its levels.
You visited 2 bazaars.
You also visited: Bailey.

You collected 4881 gold pieces.
You spent 2273 gold pieces at shops.

Inventory:

Hand Weapons
 d - the +5 hand cannon of Causality (weapon) {antimagic, rPois Str-3 Int+5}
   (You acquired it on level 5 of the Dungeon)

   Str-3:     It affects your strength (-3).
   Int+5:     It affects your intelligence (+5).
   rPois:     It protects you from poison
 l - a +5 antimagic arbalest
 o - the +3 dagger of Qiasac {freeze, Int+4}
   (You found it on level 4 of the Shoals)

   Int+4:     It affects your intelligence (+4).
 s - a +4 shortbow
 N - a +1 hand cannon of chaos
Armour
 c - a +2 robe of willpower
 q - a +2 hat of willpower (worn)
 H - a +2 robe of resistance (worn)
 Z - a scarf of resistance (worn)
Jewellery
 g - an amulet of regeneration
 h - a ring of flight (left hand)
 i - an amulet of reflection (around neck)
 t - an amulet of the acrobat
 w - the ring "Janisurch" {rPois rC+ SInv}
   (You took it off a merfolk siren on level 4 of the Shoals)

   [ring of protection from cold]

   rC+:       It protects you from cold.
   rPois:     It protects you from poison SInv: It lets you see invisible.
 C - a ring of protection from fire
 O - an amulet of guardian spirit
 R - a ring of positive energy (right hand)
Talismans
 M - the serpent talisman of the Salmon {rElec}
   (You took it off Aizul on level 1 of the Vaults)

   [serpent talisman]

   rElec:     It insulates you from electricity.
Wands
 j - a wand of acid (6)
 m - a wand of flame (7)
 n - a wand of roots (4)
 r - a wand of digging (14)
 u - a wand of polymorph (31)
 x - a wand of mindburst (16)
 V - a wand of charming (6)
Scrolls
 a - a scroll of brand weapon
 b - a scroll of butterflies
 k - 3 scrolls of teleportation
 p - 5 scrolls of immolation
 v - 3 scrolls of silence
 y - 4 scrolls of fear
 G - 5 scrolls of poison
 J - 12 scrolls of identify
 P - 3 scrolls of vulnerability
 Q - a scroll of blinking
 T - 2 scrolls of amnesia
 U - 2 scrolls of revelation
 W - 2 scrolls of fog
 X - a scroll of summoning
Potions
 e - 3 potions of mutation
 f - 10 potions of curing
 A - 4 potions of heal wounds
 B - 2 potions of invisibility
 D - 7 potions of haste
 E - a potion of might
 F - 3 potions of cancellation
 I - 4 potions of enlightenment
 K - 2 potions of magic
 L - 4 potions of resistance
Miscellaneous
 z - a box of beasts


   Skills:
 * Level 15.2 Fighting
 * Level 23.8 Ranged Weapons
 * Level 14.4 Dodging
 + Level 6.4 Stealth
 + Level 3.9 Shields
 * Level 12.8 Spellcasting
 * Level 6.8 Hexes
 * Level 8.4 Translocations
 + Level 0.2 Air Magic
 * Level 11.5 Invocations
 + Level 13.4 Evocations
 + Level 6.4 Shapeshifting


You had 11 spell levels left.
You knew the following spells:

 Your Spells              Type           Power      Damage    Failure   Level
a - Passwall              Erth           10%        N/A       19%         3
b - Frozen Ramparts       Ice            20%        1d4       19%         3
c - Teleport Other        Tloc           39%        N/A       1%          3
d - Gell's Gravitas       Tloc           39%        N/A       1%          3
e - Slow                  Hex            100%       N/A       1%          1
f - Tukima's Dance        Hex            34%        N/A       1%          3
g - Cause Fear            Hex            17%        N/A       3%          4
h - Static Discharge      Conj/Air       22%        3-4/arc   10%         2
i - Passage of Golubria   Tloc           39%        N/A       1%          4
j - Volatile Blastmotes   Fire/Tloc      50%        2d14      3%          3
k - Dazzling Flash        Conj/Hex       44%        N/A       4%          3

Your spell library contained the following spells:

 Spells                   Type           Power      Damage    Failure   Level
 Lesser Beckoning         Tloc           78%        N/A       1%          2
 Confusing Touch          Hex            34%        N/A       1%          3
 Sigil of Binding         Hex            34%        N/A       1%          3
 Manifold Assault         Tloc           39%        N/A       1%          4
 Ensorcelled Hibernation  Hex/Ice        44%        N/A       2%          2
 Freeze                   Ice            40%        1d6       6%          1
 Kiss of Death            Conj/Necr      40%        2d8       6%          1
 Sandblast                Erth           20%        2d7       6%          1
 Shock                    Conj/Air       44%        1d5       6%          1
 Sting                    Conj/Alch      40%        1d5       6%          1
 Call Imp                 Summ           20%        N/A       10%         2
 Scorch                   Fire           20%        2d5       10%         2
 Sublimation of Blood     Necr           10%        N/A       10%         2
 Vhi's Electric Charge    Tloc/Air       50%        N/A       11%         4
 Anguish                  Hex/Necr       11%        N/A       16%         4
 Swiftness                Air            11%        N/A       17%         3
 Fugue of the Fallen      Necr           10%        N/A       19%         3
 Ozocubu's Armour         Ice            10%        N/A       19%         3
 Stone Arrow              Conj/Erth      20%        3d8       19%         3
 Vampiric Draining        Necr           10%        2d6       19%         3
 Summon Forest            Summ/Tloc      12%        N/A       30%         5
 Metabolic Englaciation   Hex/Ice        11%        N/A       41%         5
 Summon Mana Viper        Hex/Summ       22%        N/A       41%         5
 Yara's Violent Unravell  Hex/Alch       11%        3d6       41%         5
 Airstrike                Air            5%         2d(1-17)  50%         4
 Summon Lightning Spire   Summ/Air       11%        N/A       52%         4
 Animate Armour           Summ/Erth      20%        N/A       54%         4
 Animate Dead             Necr           10%        N/A       54%         4
 Brom's Barrelling Bould  Conj/Erth      10%        2d3       54%         4
 Dispel Undead            Necr           10%        3d9       54%         4
 Flame Wave               Conj/Fire      10%        2d6       54%         4
 Leda's Liquefaction      Alch/Erth      5%         N/A       54%         4
 Petrify                  Alch/Erth      10%        N/A       54%         4
 Summon Blazeheart Golem  Fire/Summ      10%        N/A       54%         4
 Arcjolt                  Conj/Air       5%         1d15      86%         5
 Lee's Rapid Deconstruct  Erth           5%         3d6*      87%         5
 Enfeeble                 Hex            17%        N/A       97%         7
 Plasma Beam              Fire/Air       5%         2x1d16    100%        6
 Starburst                Conj/Fire      5%         6d4       100%        6
 Summon Cactus Giant      Summ           5%         N/A       100%        6
 Haunt                    Necr/Summ      5%         N/A       100%        7
 Orb of Destruction       Conj           5%         9d5       100%        7
 Spellforged Servitor     Conj/Summ      5%         N/A       100%        7
 Summon Hydra             Summ           5%         N/A       100%        7
 Borgnjor's Revivificati  Necr           5%         N/A       100%        8
 Lehudib's Crystal Spear  Conj/Erth      5%         10d3      100%        8
 Maxwell's Capacitive Co  Air            5%         ∞         100%        8
 Death's Door             Necr           5%         N/A       100%        9
 Fire Storm               Conj/Fire      5%         8d1       100%        9


Dungeon Overview and Level Annotations

Branches:
Dungeon (15/15)            Temple (1/1) D:4            Lair (5/5) D:9
 Shoals (4/4) Lair:2       Spider (1/4) Lair:3        Slime (0/5) Lair:5
    Orc (2/2) D:12            Elf (3/3) Orc:2        Vaults (3/5) D:14
  Crypt (0/3) Vaults:2     Depths (0/4) D:15         Bailey (visited)

Altars:
Ashenzari
Cheibriados
Dithmenos
Elyvilon
Fedhas
Gozag
Hepliaklqana
Kikubaaqudgha
Makhleb
Nemelex Xobeh
Okawaru
Qazlal
Ru
Sif Muna
Trog
Uskayaw
Vehumet
Wu Jian
Xom
Yredelemnul
Zin
The Shining One

Shops:
D:1 !   D:4 (   D:5 (   D:7 (   D:10 (   Orc:1 (   Orc:2 ([*=   Elf:1 !
Shoals:1 *   Shoals:3 [[?**   Vaults:2 :

Annotations:
D:15 2 transporters, Gosau's ghost, journeyman DsGl
Vaults:1 3 runed translucent doors, MackTheFife's ghost, veteran HOGl; Zotwa's ghost, adept GnSk
Vaults:3 Zenata


Innate Abilities, Weirdness & Mutations

You are very small and have problems with some larger weapons.
You are too small for most types of armour.
You have supernaturally acute eyesight. (SInv)
You cover ground extremely quickly. (Speed+++)
You are partially covered in iridescent scales. (AC +2)
You are agile. (Dex +4, Str/Int -1)
You sometimes lose your temper in combat.
Your natural rate of healing is unusually fast.
You are weak. (Str -2)


Message History

The vault warden hits you with a +1 long sword of electrocution.
* * * LOW HITPOINT WARNING * * *
You are electrocuted!!
* * * LOW HITPOINT WARNING * * *
You are too injured to fight recklessly!
You are too injured to fight recklessly!
You are too injured to fight recklessly!
Fire: d) +5 hand cannon of Causality {antimagic, rPois Str-3 Int+5}
Press: ? - help, Q - select action, (/) - cycle Shift-Dir - straight line, f/p - vault warden
Aim: a vault warden, wielding a +1 long sword of electrocution, wearing a +0 plate armour and wearing a +0 kite shield (severely wounded, covered in acid, 81% to hit)
You shoot a bolt.
The bolt closely misses the vault warden.
The vault warden closely misses you.
The yaktaur unwields a +0 arbalest.
The yaktaur completely misses you.
Fire: d) +5 hand cannon of Causality {antimagic, rPois Str-3 Int+5}
Press: ? - help, Q - select action, (/) - cycle Shift-Dir - straight line, f/p - vault warden
Aim: a vault warden, wielding a +1 long sword of electrocution, wearing a +0 plate armour and wearing a +0 kite shield (severely wounded, covered in acid, 81% to hit)
You shoot a bolt. The bolt hits the vault warden!!
The vault warden's magic leaks into the air.
The vault warden is almost dead.
The vault warden is no longer covered in acid.
The vault warden completely misses you.
Zenata sends weapons flying into battle!
The yaktaur completely misses you.
Fire: d) +5 hand cannon of Causality {antimagic, rPois Str-3 Int+5}
Press: ? - help, Q - select action, (/) - cycle Shift-Dir - straight line, f/p - vault warden
Aim: a vault warden, wielding a +1 long sword of electrocution, wearing a +0 plate armour and wearing a +0 kite shield (almost dead, magic disrupted, 81% to hit)
You shoot a bolt. The vault warden blocks the bolt.
The yaktaur completely misses you.
The +0 war axe of distortion completely misses you.
Fire: d) +5 hand cannon of Causality {antimagic, rPois Str-3 Int+5}
Press: ? - help, Q - select action, (/) - cycle Shift-Dir - straight line, f/p - vault warden
Aim: a vault warden, wielding a +1 long sword of electrocution, wearing a +0 plate armour and wearing a +0 kite shield (magical condensation, almost dead, magic disrupted, 81% to hit)
You shoot a bolt. The bolt hits the vault warden.
The vault warden's magic leaks into the air.
The vault warden is almost dead.
The runic seals fade away.
The +0 war axe of distortion hits you.
* * * LOW HITPOINT WARNING * * *
Space warps horribly around you!!
You die...

, #)..a.
#...). #.....
+.(.c.########
#.....#....(.#
#.$>..#......#
#.....#.(....#
#....('a§@...#
#.....#(cp...#
#.....#......#
#.....######+#
#..... #.....
#..... ......


You could see Zenata, a vault warden (magic disrupted), a yaktaur and 3 dancing
weapons.

Vanquished Creatures
  Saint Roka (Vaults:1)
  Jorgrun (D:14)
  A deep elf blademaster (Elf:3)
  2 sphinxes
  3 krakens
  Gastronok (D:8)
  Donald (Elf:2)
  A tengu reaver (Vaults:1)
  Kirke (D:15)
  5 deep elf sorcerers (Elf:3)
  7 vault wardens
  A deep elf elementalist (Elf:3)
  A formless jellyfish (Vaults:1)
  2 orc warlords
  An angel (Shoals:4)
  An apis (Shoals:3)
  6 ironbound preservers
  4 ironbound thunderhulks
  5 deep elf death magi
  A stone giant (Orc:1)
  4 deep elf annihilators
  10 deep elf demonologists
  8 dire elephants
  2 war gargoyles (Vaults:1)
  8 merfolk impalers
  2 deep elf high priests (Elf:3)
  5 ettins
  A fire dragon (Lair:5)
  Josephine (D:11)
  7 merfolk javelineers
  An entropy weaver (Vaults:2)
  5 yaktaur captains
  3 great orbs of eyes
  4 hydras
  4 vault guards
  2 peacekeepers
  A sphinx zombie (D:15)
  Erica (D:8)
  An ogre mage (Vaults:2)
  3 merfolk avatars
  A catoblepas (Lair:5)
  An alligator snapping turtle (Shoals:3)
  3 centaur warriors
  5 ironbound frosthearts
  4 boulder beetles
  2 two-headed ogres
  25 dancing weapons
  4 merfolk aquamancers
  5 orc high priests
  A satyr (Shoals:2)
  2 titan zombies (Orc:1)
  A holy swine (Shoals:4)
  21 deep elf knights
  Amaemon (D:10)
  4 skysharks
  3 cherubim (Shoals:4)
  3 skeletal warriors (D:15)
  A pharaoh ant (Lair:3)
  8 sea snakes
  18 deep trolls
  7 lindwurms
  5 arcanists
  23 deep elf archers
  An obsidian statue (Vaults:2)
  A harpy (shapeshifter) (Elf:1)
  25 harpies
  2 ironbound convokers
  11 orc knights
  A necromancer (D:15)
  25 deep elf zephyrmancers
  Pikel (D:6)
  32 deep elf pyromancers
  24 cyclopes
  5 orc sorcerers
  15 fauns
  Maurice (D:9)
  22 manticores
  18 ugly things
  7 vault sentinels
  A meliai (D:15)
  8 black mambas
  A black mamba (shapeshifter) (Elf:1)
  12 merfolk sirens
  3 kobold blastminers
  A meliai (shapeshifter) (D:15)
  9 elephants
  9 cane toads
  An orange demon (D:10)
  An ice statue (Lair:2)
  5 torpor snails (Lair:5)
  2 gargoyles
  7 water nymphs
  2 rime drakes (Lair:5)
  2 unseen horrors
  8 yaktaurs
  A freezing wraith (D:14)
  4 komodo dragons
  An efreet (D:15)
  A kobold demonologist (D:13)
  4 trolls
  A polar bear (shapeshifter) (Elf:1)
  19 merfolk
  2 polar bears
  9 wind drakes
  4 tyrant leeches (Lair:5)
  8 dream sheep
  11 hornets
  13 blink frogs
  8 snapping turtles
  A spriggan (shapeshifter) (Elf:1)
  5 culicivoras (Lair:3)
  20 slime creatures
  5 wraiths
  A shadow (D:12)
  A spriggan skeleton (D:15)
  14 yaks
  A vampire (D:11)
  A spriggan (Lair:1)
  11 water elementals
  5 air elementals
  5 fire elementals
  7 wyverns
  3 steam dragons
  7 basilisks
  A human (D:14)
  6 wargs
  2 hogs
  10 vampire mosquitoes
  16 water moccasins
  3 acid dragons
  28 orc warriors
  2 laughing skulls (D:15)
  11 centaurs
  14 ogres
  7 boggarts
  31 wolves
  4 lemures (D:6)
  2 phantoms (D:6)
  5 kobold brigands
  Blork the orc (Orc:2)
  9 bullfrogs
  2 cyclops zombies (Orc:1)
  2 earth elementals
  2 scorpions
  7 killer bees
  5 electric eels (Lair:2)
  5 howler monkeys
  A jelly (D:8)
  2 gnoll boudas
  2 hounds
  20 orc priests
  An iguana (D:5)
  Jessica (D:3)
  A sleepcap (D:5)
  Terence (D:3)
  25 orc wizards
  12 hell rats
  Robin (D:3)
  15 gnolls
  5 adders
  A shadow imp (D:7)
  3 white imps
  A dart slug (D:2)
  2 ribbon worms
  76 orcs
  7 ball pythons
  8 endoplasms
  3 giant cockroaches
  12 goblins
  8 hobgoblins
  4 jackals
  2 quokkas
  2 bats
  A frilled lizard (D:1)
  27 kobolds
  3 rats
  A tentacle (Shoals:4)
1126 creatures vanquished.

Vanquished Creatures (collateral kills)
  A deep elf blademaster (Elf:3)
  Aizul (Vaults:1)
  The ghost of Witt the Fighter, an adept GrFi of Ashenzari (Shoals:2)
  2 deep elf elementalists (Elf:3)
  2 deep elf annihilators (Elf:3)
  A merfolk javelineer (Shoals:4)
  A deep elf high priest (Elf:3)
  A great orb of eyes (Vaults:1)
  A boulder beetle (D:12)
  A dancing weapon (Elf:3)
  A vampire mage (D:15)
  A two-headed ogre (D:12)
  A lindwurm (Vaults:1)
  A deep elf zephyrmancer (Elf:3)
  An orc sorcerer (Vaults:1)
  An elephant (Lair:4)
  2 meliai (D:15)
  2 cane toads (Lair:1)
  A vampire mosquito (D:13)
  A boggart (D:15)
  4 wolves (Lair:1)
  2 hounds (Lair:1)
  A tentacle (Shoals:4)
31 creatures vanquished.

Vanquished Creatures (others)
  A peacekeeper (Vaults:1)
  A deep elf knight (Elf:1)
  3 harpies
  A deep elf pyromancer (Elf:1)
  A water elemental (Elf:1)
  2 vampire mosquitoes (D:13)
  An orc (Elf:2)
  105 tentacles
115 creatures vanquished.

Grand Total: 1272 creatures vanquished

Notes
Turn   | Place    | Note
-------+----------+-------------------------------------------
     0 | D:1      | beigtais the Spriggan Hunter began the quest for the Orb.
     0 | D:1      | Reached XP level 1. HP: 10/10 MP: 2/2
    45 | D:1      | Found Ucimeuz's Distillery.
   110 | D:1      | Reached XP level 2. HP: 11/14 MP: 3/3
   667 | D:2      | Reached skill level 5 in Ranged Weapons
   667 | D:2      | Reached XP level 3. HP: 6/18 MP: 4/4
   936 | D:2      | Reached XP level 4. HP: 16/23 MP: 5/5
  1664 | D:3      | Noticed Robin
  1688 | D:3      | Killed Robin
  2022 | D:3      | Noticed Terence
  2042 | D:3      | Killed Terence
  2043 | D:3      | Reached skill level 6 in Ranged Weapons
  2123 | D:3      | Found a glowing silver altar of Zin.
  2123 | D:3      | Noticed Jessica
  2130 | D:3      | Killed Jessica
  2131 | D:3      | Reached XP level 5. HP: 17/26 MP: 6/6
  2247 | D:3      | Noticed an ogre
  2287 | D:3      | Killed an ogre
  2336 | D:3      | Reached skill level 7 in Ranged Weapons
  2544 | D:4      | Reached XP level 6. HP: 30/30 MP: 7/7
  2569 | D:4      | Found a staircase to the Ecumenical Temple.
  2673 | Temple   | Entered the Ecumenical Temple
  2699 | Temple   | Became a worshipper of Makhleb the Destroyer
  2730 | D:4      | Found Heafec's Antique Weapon Boutique.
  3026 | D:4      | Found a white marble altar of Elyvilon.
  3413 | D:5      | Entered Level 5 of the Dungeon
  3413 | D:5      | Noticed a water moccasin
  3419 | D:5      | Killed a water moccasin
  3442 | D:5      | Identified a scroll of acquirement
  3442 | D:5      | Acquired the +5 hand cannon of Causality {antimagic, rPois
                  | Str-3 Int+5}
  3447 | D:5      | Reached skill level 8 in Ranged Weapons
  3459 | D:5      | Reached XP level 7. HP: 35/35 MP: 2/8
  3641 | D:5      | Found Lovir's Antique Weapon Boutique.
  3687 | D:5      | Reached skill level 9 in Ranged Weapons
  4318 | D:6      | Reached XP level 8. HP: 39/39 MP: 3/9
  4478 | D:6      | Noticed Pikel
  4508 | D:6      | Killed Pikel
  4509 | D:6      | Reached skill level 10 in Ranged Weapons
  4539 | D:6      | Found a glowing golden altar of the Shining One.
  4704 | D:6      | Reached skill level 11 in Ranged Weapons
  4754 | D:6      | Reached * piety under Makhleb
  5388 | D:7      | Found Yneirit's Weapon Boutique.
  5738 | D:7      | Reached XP level 9. HP: 44/44 MP: 3/10
  5748 | D:7      | Reached skill level 12 in Ranged Weapons
  6627 | D:8      | Noticed Erica
  6633 | D:8      | Reached skill level 1 in Evocations
  6638 | D:8      | Killed Erica
  6639 | D:8      | Reached skill level 1 in Spellcasting
  6639 | D:8      | Reached skill level 1 in Invocations
  6966 | D:8      | Reached skill level 13 in Ranged Weapons
  7870 | D:8      | Learned a level 3 spell: Passwall
  7874 | D:8      | Learned a level 3 spell: Frozen Ramparts
  7969 | D:8      | Reached ** piety under Makhleb
  7973 | D:8      | Reached XP level 10. HP: 41/50 MP: 4/14
  8306 | D:8      | Noticed a cyclops
  8407 | D:8      | Killed a cyclops
  8500 | D:8      | Noticed Gastronok
  8512 | D:8      | Killed Gastronok
  8765 | D:8      | Reached skill level 5 in Fighting
  9183 | D:9      | Reached skill level 14 in Ranged Weapons
  9188 | D:9      | Reached skill level 5 in Dodging
  9394 | D:9      | Noticed a two-headed ogre
  9410 | D:9      | Killed a two-headed ogre
  9468 | D:9      | Noticed a cyan ugly thing
  9502 | D:9      | Noticed Maurice
  9875 | D:9      | Reached XP level 11. HP: 56/56 MP: 5/17
  9890 | D:9      | Found a staircase to the Lair.
  9897 | D:9      | Killed Maurice
 10115 | D:9      | Identified the +1 dagger of Weupp {flame, rF+}
 10234 | D:10     | Entered Level 10 of the Dungeon
 10263 | D:10     | Found an ancient bone altar of Kikubaaqudgha.
 10265 | D:10     | Found an opulent altar of Gozag.
 10373 | D:10     | Reached *** piety under Makhleb
 10667 | D:10     | Found Kell's Weapon Boutique.
 10761 | D:10     | Found a flagged portal.
 10768 | Bailey   | Entered a bailey
 10900 | Bailey   | Noticed an orc knight
 10906 | Bailey   | Killed an orc knight
 11093 | D:10     | Gained mutation: You sometimes lose your temper in combat.
                  | [potion of mutation]
 11093 | D:10     | Gained mutation: You are weak. (Str -2) [potion of
                  | mutation]
 11093 | D:10     | Gained mutation: You have hidden genetic potential. [potion
                  | of mutation]
 11093 | D:10     | Gained mutation: You are agile. (Dex +4, Str/Int -1)
                  | [potion of mutation]
 11124 | D:10     | Noticed Amaemon
 11133 | D:10     | Killed Amaemon
 11208 | D:10     | Reached **** piety under Makhleb
 11353 | D:10     | Reached skill level 5 in Evocations
 11581 | D:11     | Noticed Josephine
 11587 | D:11     | Reached skill level 15 in Ranged Weapons
 11592 | D:11     | Killed Josephine
 12509 | D:11     | Reached skill level 5 in Spellcasting
 12511 | D:11     | Noticed a cyan ugly thing
 12532 | D:11     | Killed a cyan ugly thing
 12659 | D:12     | Noticed an eight-headed hydra
 12664 | D:12     | Killed an eight-headed hydra
 12685 | D:12     | Noticed a two-headed ogre
 12690 | D:12     | Killed a two-headed ogre
 12691 | D:12     | Reached XP level 12. HP: 61/61 MP: 6/20
 12888 | D:12     | Reached skill level 16 in Ranged Weapons
 13167 | D:12     | Found a staircase to the Orcish Mines.
 13310 | D:12     | Gained mutation: Your natural rate of healing is unusually
                  | fast. [hidden potential]
 13942 | D:12     | Noticed a boulder beetle
 13963 | D:12     | Killed a boulder beetle
 14001 | D:12     | Noticed a two-headed ogre
 14014 | D:12     | Killed a two-headed ogre
 14116 | D:13     | Noticed a centaur warrior
 14258 | D:13     | Noticed a centaur warrior
 14387 | D:13     | Found a gate leading to a gauntlet.
 14501 | Orc:1    | Entered Level 1 of the Orcish Mines
 14930 | Orc:1    | Reached ***** piety under Makhleb
 14967 | Orc:1    | Reached skill level 5 in Invocations
 14967 | Orc:1    | Reached skill level 1 in Shapeshifting
 15095 | Orc:1    | Noticed an ettin
 15097 | Orc:1    | Killed an ettin
 15098 | Orc:1    | Reached skill level 17 in Ranged Weapons
 15301 | Orc:1    | Found Maoherin's Weapon Emporium.
 15438 | Orc:1    | Reached XP level 13. HP: 67/67 MP: 7/23
 15905 | Orc:1    | Gained mutation: You are partially covered in iridescent
                  | scales. (AC +2) [hidden potential]
 15905 | Orc:1    | Lost mutation: You have hidden genetic potential. [hidden
                  | potential expressed]
 15960 | Orc:1    | Noticed an ettin
 15963 | Orc:1    | Noticed a stone giant
 15964 | Orc:1    | Noticed an ettin
 15992 | Orc:1    | Killed an ettin
 15996 | Orc:1    | Killed an ettin
 16007 | Orc:1    | Killed a stone giant
 16293 | Orc:1    | Identified the +3 mace "Ultimatum" {drain, rN+ Stlth+}
 16294 | Orc:1    | Identified the +2 quarterstaff of the Hand {venom, *Rage
                  | rPois rF++ Dex+3}
 16297 | Orc:1    | Identified the +7 great mace "Hydraslayer" {holy, rElec
                  | rC++ rN+ Str-3}
 16301 | Orc:1    | Identified the +2 battleaxe of Hepliaklqana, Loving {flame,
                  | rN+ Will+ MP+9}
 16521 | Orc:2    | Entered Level 2 of the Orcish Mines
 16868 | Orc:2    | Found a staircase to the Elven Halls.
 17331 | Orc:2    | Noticed Blork the orc
 17333 | Orc:2    | Killed Blork the orc
 18126 | Orc:2    | Noticed an orc warlord
 18144 | Orc:2    | Killed an orc warlord
 18299 | Orc:2    | Reached skill level 18 in Ranged Weapons
 18714 | Orc:2    | Found Upniusech's Jewellery Emporium.
 18826 | Orc:2    | Bought an amulet of reflection for 360 gold pieces
 18835 | Orc:2    | Found Tecucak's Antique Armour Emporium.
 18866 | Orc:2    | Found Otakh's Antique Weapon Emporium.
 18870 | Orc:2    | Found Fyhabogoky's General Store.
 19319 | Lair:1   | Entered Level 1 of the Lair of Beasts
 19360 | Lair:1   | Paralysed by a hornet for 1 turns
 20314 | Lair:1   | Upgraded the game from 0.31.0-4-g52a2dc7128 to
                  | 0.31.0-9-g3a7656b989
 20811 | Lair:2   | Reached XP level 14. HP: 73/73 MP: 8/26
 21827 | Lair:2   | Found a staircase to the Shoals.
 21890 | Lair:2   | Reached ****** piety under Makhleb
 22708 | Lair:3   | Found a hole to the Spider Nest.
 24363 | Lair:4   | Found a blossoming altar of Fedhas.
 24860 | Lair:5   | Entered Level 5 of the Lair of Beasts
 24893 | Lair:5   | Reached skill level 1 in Shields
 24930 | Lair:5   | Found a staircase to the Slime Pits.
 25486 | Lair:5   | Reached skill level 5 in Shapeshifting
 25764 | Lair:5   | Identified the +3 robe "Ybahij" {Int+3}
 27574 | Lair:5   | Reached skill level 10 in Dodging
 27735 | Lair:5   | Reached XP level 15. HP: 80/80 MP: 9/28
 27744 | Lair:5   | Reached skill level 10 in Fighting
 28603 | Elf:1    | Entered Level 1 of the Elven Halls
 28688 | Elf:1    | Reached skill level 19 in Ranged Weapons
 28786 | Elf:1    | Reached skill level 5 in Stealth
 29281 | Elf:1    | Reached skill level 10 in Evocations
 29559 | Elf:1    | Found Hoifunetuo's Distillery.
 29659 | Elf:1    | Paralysed by an air elemental for 1 turns
 29790 | Elf:1    | Learned a level 3 spell: Teleport Other
 30086 | Elf:1    | Paralysed by an air elemental for 1 turns
 30327 | Elf:1    | Learned a level 3 spell: Gell's Gravitas
 31003 | Elf:1    | Noticed an Ice Fiend
 31242 | Elf:2    | Paralysed by an air elemental for 1 turns
 31245 | Elf:1    | Paralysed by an air elemental for 1 turns
 31674 | Elf:1    | HP: 4/83 [+6 battleaxe of electrocution (9)]
 31938 | Elf:2    | Reached XP level 16. HP: 88/88 MP: 10/30
 32077 | Elf:2    | Paralysed by an air elemental for 1 turns
 32237 | Elf:2    | Found a runed translucent gate.
 32240 | Elf:2    | Found a runed translucent gate.
 32241 | Elf:2    | Found a runed translucent gate.
 32979 | Elf:1    | Reached skill level 20 in Ranged Weapons
 33605 | Elf:2    | Noticed Donald
 33656 | Elf:2    | Killed Donald
 34089 | Elf:2    | Reached skill level 10 in Spellcasting
 35342 | Elf:3    | Entered Level 3 of the Elven Halls
 35344 | Elf:3    | Found a flickering gateway to a bazaar.
 35356 | Bazaar   | Entered a bazaar
 35358 | Bazaar   | Found Neydopo's Distillery.
 35362 | Bazaar   | Bought a potion of heal wounds for 45 gold pieces
 35362 | Bazaar   | Found Routz's Jewellery Boutique.
 35362 | Bazaar   | Found Agumiv's General Store.
 35363 | Bazaar   | Found Deoweapec's Antique Armour Boutique.
 35378 | Bazaar   | Bought a scroll of teleportation for 51 gold pieces
 35378 | Bazaar   | Bought a scroll of poison for 68 gold pieces
 37865 | Elf:3    | Noticed a deep elf blademaster
 37891 | Elf:3    | Killed a deep elf blademaster
 37904 | Elf:3    | Identified the +4 broad axe "Jellyslayer" {venom, Int+6
                  | Dex-2}
 37983 | Elf:3    | Identified the staff "Ybbekk" {+Blink rC+ Ice}
 38460 | Elf:3    | Reached XP level 17. HP: 94/94 MP: 10/32
 38674 | Elf:3    | Noticed a deep elf blademaster
 39024 | Elf:3    | Identified the +6 short sword of Gearie {spect, rPois
                  | Dex+4}
 39024 | Elf:3    | Identified the +1 leather armour of Servitude {rPois
                  | Slay+2}
 39734 | Elf:3    | Killed a deep elf blademaster
 40522 | Elf:3    | Got the Enchiridion on Evil Locality
 40528 | Elf:3    | Got Tokhen's Textbook on the Prime Sixfirhy
 40537 | Elf:3    | Got Leosucs's Tome of Striking and Doom
 40541 | Elf:3    | Got A Beginning Course on Sorcery
 40544 | Elf:3    | Learned a level 1 spell: Slow
 41025 | Spider:1 | Entered Level 1 of the Spider Nest
 41079 | Lair:3   | Reached skill level 1 in Translocations
 41181 | Shoals:1 | Entered Level 1 of the Shoals
 42121 | Shoals:1 | Reached skill level 1 in Hexes
 42324 | Shoals:1 | Reached skill level 21 in Ranged Weapons
 42526 | Shoals:1 | Found Ritugos's General Store.
 42541 | Shoals:1 | Bought a scarf of resistance for 416 gold pieces
 42541 | Shoals:1 | Bought a potion of heal wounds for 65 gold pieces
 42754 | Shoals:1 | Noticed a kraken
 43455 | Shoals:1 | Upgraded the game from 0.31.0-9-g3a7656b989 to
                  | 0.31.0-11-ge490571c62
 43686 | Shoals:1 | Killed a kraken
 44440 | Shoals:2 | Learned a level 3 spell: Tukima's Dance
 44626 | Shoals:2 | Reached skill level 10 in Invocations
 44726 | Shoals:2 | Learned a level 4 spell: Cause Fear
 44960 | Shoals:2 | Found a runed translucent gate.
 45100 | Shoals:2 | Identified the +0 chain mail of Dogmatism {rC+}
 45156 | Shoals:2 | Learned a level 2 spell: Static Discharge
 45567 | Shoals:2 | Found a runed translucent gate.
 45567 | Shoals:2 | Found a runed translucent gate.
 45571 | Shoals:2 | Noticed Witt's ghost (adept GrFi)
 45637 | Shoals:2 | Killed Witt's ghost
 45882 | Shoals:3 | Found Byhel's General Store.
 45882 | Shoals:3 | Found Huel's Magic Scroll Emporium.
 46459 | Shoals:3 | Found Optipov's Antique Armour Shoppe.
 46758 | Shoals:3 | Reached XP level 18. HP: 75/100 MP: 9/34
 46832 | Shoals:3 | Bought a scroll of poison for 76 gold pieces
 46832 | Shoals:3 | Bought a wand of roots (8) for 364 gold pieces
 46832 | Shoals:3 | Bought a scroll of fear for 76 gold pieces
 46841 | Shoals:3 | Bought a scroll of blinking for 120 gold pieces
 46841 | Shoals:3 | Bought a scroll of summoning for 152 gold pieces
 46841 | Shoals:3 | Bought a scroll of enchant weapon for 120 gold pieces
 46841 | Shoals:3 | Bought a scroll of blinking for 120 gold pieces
 46874 | Shoals:3 | Bought a scroll of enchant armour for 120 gold pieces
 48155 | Shoals:3 | Found Utocagg's Armour Shop.
 48260 | Shoals:3 | Found Toangon's Assorted Antiques.
 48268 | Shoals:3 | Bought a scroll of teleportation for 120 gold pieces
 48362 | Shoals:4 | Entered Level 4 of the Shoals
 48395 | Shoals:3 | Reached skill level 5 in Translocations
 49349 | Shoals:4 | Found a white marble altar of Elyvilon.
 49588 | Shoals:4 | Identified the +3 dagger of Qiasac {freeze, Int+4}
 49620 | Shoals:4 | Learned a level 4 spell: Passage of Golubria
 49730 | Shoals:4 | Found a glowing silver altar of Zin.
 49743 | Shoals:4 | Reached skill level 22 in Ranged Weapons
 49766 | Shoals:4 | Identified the ring "Janisurch" {rPois rC+ SInv}
 49941 | Shoals:4 | Got a barnacled rune of Zot
 50065 | Shoals:4 | Found a glowing golden altar of the Shining One.
 50538 | D:13     | Found a snail-covered altar of Cheibriados.
 51113 | D:14     | Noticed Jorgrun
 51123 | D:14     | Killed Jorgrun
 51983 | D:14     | Found a gate to the Vaults.
 52575 | D:15     | Entered Level 15 of the Dungeon
 52647 | D:15     | Found a transporter.
 52651 | D:15     | Noticed Gosau's ghost (journeyman DsGl)
 52653 | D:15     | Found the +9 staff of Olgreb {rPois∞}
 53384 | D:15     | Found an opulent altar of Gozag.
 53418 | D:15     | Found a staircase to the Depths.
 53550 | D:15     | Noticed Kirke
 53811 | D:15     | Found a transporter.
 53931 | D:15     | Killed Kirke
 54081 | D:15     | Acquired a book of Spectacle
 54089 | D:15     | Learned a level 3 spell: Volatile Blastmotes
 54093 | D:15     | Learned a level 3 spell: Dazzling Flash
 54169 | D:15     | Upgraded the game from 0.31.0-11-ge490571c62 to
                  | 0.31.0-12-g77e489cdc1
 54241 | Vaults:1 | Entered Level 1 of the Vaults
 54362 | Vaults:1 | Identified the serpent talisman of the Salmon {rElec}
 54362 | Vaults:1 | Noticed Aizul
 54362 | Vaults:1 | Noticed Saint Roka
 54380 | Vaults:1 | Killed Saint Roka
 54474 | Vaults:1 | Found a runed translucent gate.
 54474 | Vaults:1 | Found a runed translucent gate.
 54474 | Vaults:1 | Found a runed translucent gate.
 54475 | Vaults:1 | Noticed MackTheFife's ghost (veteran HOGl)
 54475 | Vaults:1 | Noticed Zotwa's ghost (adept GnSk)
 54547 | Vaults:1 | Reached skill level 5 in Hexes
 55182 | Vaults:1 | Reached XP level 19. HP: 76/107 MP: 12/36
 55757 | Vaults:1 | Killed Aizul
 56135 | Vaults:1 | Reached skill level 23 in Ranged Weapons
 57391 | Vaults:2 | Found a gateway to a bazaar.
 57702 | Bazaar   | Entered a bazaar
 57705 | Bazaar   | Found Jyef's Weapon Shop.
 57717 | Bazaar   | Found Icaorch's Jewellery Boutique.
 57717 | Bazaar   | Found Gozen's Assorted Antiques.
 57754 | Bazaar   | Found Totzij's Armour Shop.
 58448 | Vaults:2 | Found a staircase to the Crypt.
 58448 | Vaults:2 | Found an ancient bone altar of Kikubaaqudgha.
 58448 | Vaults:2 | Found a basalt altar of Yredelemnul.
 58851 | Vaults:2 | Identified the +3 leather armour of Past Mistakes {rF+
                  | Will++ Str-4 Dex+2}
 59040 | Vaults:2 | Reached skill level 15 in Fighting
 59609 | Vaults:2 | Found Hivuz's Book Boutique.
 60311 | Vaults:3 | Noticed Zenata
 60323 | Vaults:3 | Mangled by a +0 war axe of distortion

Illustrated notes

Levels and vault maps discovered:
D:1:      minmay_arrival_up_and_down, layout_loops_ring, serial_shops, shop
D:2:      layout_basic, kennysheep_path_1
D:3:      layout_basic, zin_treasury, nicolae_concentric_dashed_squares_wild,
          grunt_decor_mini_mirrors, roderic_serpentine_path, uniq_robin,
          uniq_terence, uniq_jessica
D:4:      layout_basic, elyvilon_altar_1, minmay_temple_entry_ruins,
          serial_shops, shop, minmay_misc_feat_chi, kennysheep_generic_room_11
D:5:      layout_rooms, serial_shops, shop
D:6:      layout_basic, tso_altar, uniq_pikel
D:7:      layout_gridville, serial_shops, shop, hangedman_decor_slide_cut
D:8:      layout_basic, minmay_holes, st_stairs_11, minmay_three_doors,
          uniq_erica, uniq_gastronok
D:9:      layout_basic, erik_lair_orcish_takeover, uniq_maurice
D:10:     layout_loops_corners, minitemple, serial_shops,
          nicolae_shop_bloodbath_and_beyond, enter_bailey_2, uniq_amaemon
D:11:     layout_basic, uniq_josephine
D:12:     layout_gridville, hiddenorc1_lemuel
D:13:     layout_cave_pools, gauntlet_entry_generic,
          dreamdust_princess_corridor, cheibriados_altar_1
D:14:     layout_basic, hellmonk_vaults_keyhole, nicolae_twisting_strands,
          uniq_jorgrun
D:15:     gammafunk_depths_entry_grave, layout_basic, grunt_gozag_breadcrumbs,
          gammafunk_ghost_stat_death, uniq_kirke
Temple:   bh_familiar_temple
Lair:1:   beast_lair_carwin_large_2, layout_hall_layers, minivault_23,
          grunt_forest_large_clearings
Lair:2:   statuecave_lemuel, layout_gridlike, elwin_shoals_entry_rooms,
          lemuel_another_geyser, serial_bayou_shore_b, grunt_megastairs_4,
          infiniplex_staircase_pool
Lair:3:   layout_gridlike, hellmonk_spider_entry_life_and_decay,
          grunt_forest_small_clearings
Lair:4:   layout_regular_city, basic_altar, cheibrodos_lair_caveside_slide
Lair:5:   hangedman_lair_in_review, layout_hall_layers, wormcave, slime_entry_1,
          dreamdust_gnoll_shepherd
Shoals:1: layout_shoals, serial_shops, nicolae_shop_stone
Shoals:2: layout_shoals, ebering_ghost_rock_garden
Shoals:3: layout_shoals, serial_shops, nicolae_shop_tiny_real_fake_doors, shop,
          nicolae_stop_n_shop_1, shop, nicolae_shop_peninsula,
          nicolae_shoals_pincushion_passage
Shoals:4: shoals_end_hellmonk_holy_island
Spider:1: spider_temple_joshua, nicolae_spider_solar_radiation,
          hangedman_spider_tarantella_strand, uniq_nikola
Orc:1:    giant_chief_lemuel, layout_caves, basic_altar, serial_shops,
          nicolae_shop_peninsula, nicolae_orc_flooded_monolith
Orc:2:    grunt_orc_cross, layout_diamond_mine
Elf:1:    layout_geoelf_octagon, serial_shops, shop, minivault_28
Elf:2:    elven_hall_of_blades_hangedman_original
          [nicolae_blade_entry_diamond_columns], layout_rooms,
          serial_corexii_hall, chequers_hall_statues_y,
          corexii_hall_statues_deadend, corexii_hall_statues_l, uniq_donald
Elf:3:    minmay_elf_hall_not_hex, layout_gridlike, serial_shops,
          bzr_entry_road, roderic_lattice_octagonal_star
Vaults:1: gammafunk_ghost_cemetery, ontoclasm_vaults_decontamination,
          nicolae_vaults_lopsided_apartments,
          hangedman_vaults_stretched_pinwheel, nicolae_vaults_network_square,
          ontoclasm_vaults_chip, v_pattern_1, vaults_room_door_hall,
          nicolae_vaults_cochlea, nicolae_vaults_tetromino_L_2,
          vaults_room_fours, ontoclasm_vaults_ligature, layout_vaults_big_room,
          uniq_saint_roka, uniq_aizul
Vaults:2: vaults_mumra_chevron_long, minmay_crypt_entry_necro_gods,
          vaults_room_ringed_pool, v_misc_15, nicolae_vaults_sightless_eye,
          vaults_mumra_lcd, v_misc_3, v_misc_12, nicolae_vaults_enemy_cabinets,
          v_misc_22, nicolae_vaults_mini_display_case, nicolae_vaults_theta,
          vaults_mumra_minichess_inversion, nicolae_vaults_heart-shaped_vault,
          layout_vaults_big_cross, serial_shops, statue_bzr, shop
Vaults:3: nicolae_vaults_wine_cellar, st_cells, hangedman_vaults_impose,
          v_misc_27, v_misc_15, nicolae_vaults_closet_pinwheel_3,
          nicolae_vaults_trapezoid_layered, v_misc_32, v_alt_pattern_6,
          nicolae_vaults_yaktaur_gun_rack, grunt_vaults_diagonal,
          nicolae_vaults_swerve, layout_vaults_ring, serial_shops,
          nicolae_shop_trees, uniq_zenata

Skill      XL: |  1  2  3  4  5  6  7  8  9 10 11 12 13 14 15 16 17 18 19 |
---------------+----------------------------------------------------------+-----
Ranged Weapons | 5 6 7 8 9 11 13 14 15 17 18 19 20 21 22 23 | 23.8
Fighting       | 2 3 4 5 6 7 8 9 11 12 13 14 15 | 15.2
Dodging        | 3 4 5 6 8 9 10 11 12 13 14 | 14.4
Stealth        | 2 3 4 5 6 |  6.4
Evocations     | 3 4 6 7 8 9 10 11 12 13 | 13.4
Spellcasting   | 2 3 5 6 7 8 9 10 11 12 | 12.8
Invocations    | 1 2 4 5 6 7 8 9 10 11 | 11.5
Shapeshifting  | 1 4 5 6 |  6.4
Shields        | 1 2 3 |  3.9
Translocations | 4 6 8 |  8.4
Hexes          | 3 5 6 |  6.8
Air Magic      | |  0.2

Action                     |  1- 3 |  4- 6 |  7- 9 | 10-12 | 13-15 | 16-18 | 19-21 || total
---------------------------+-------+-------+-------+-------+-------+-------+-------++-------
   Fire: Shortbow          |   102 |   109 |       |       |       |       |       ||   211
         Hand cannon       |       |     2 |   171 |   557 |  1288 |  1650 |   718 ||  4386
   Cast: Gell's Gravitas   |       |       |       |       |       |     8 |       ||     8
         Tukima's Dance    |       |       |       |       |       |     5 |       ||     5
         Static Discharge  |       |       |       |       |       |     3 |       ||     3
         Slow              |       |       |       |       |       |     1 |       ||     1
         Passage of Golubr |       |       |       |       |       |     3 |       ||     3
 Invoke: Lesser Servant of |       |       |       |     3 |     8 |    36 |     5 ||    52
         Greater Servant o |       |       |       |       |       |     1 |       ||     1
         Minor Destruction |       |       |       |       |       |     1 |       ||     1
         Major Destruction |       |       |       |       |       |     1 |       ||     1
  Evoke: Wand              |       |       |     5 |    12 |    15 |    32 |     7 ||    71
         Box of beasts     |       |       |       |       |       |     2 |       ||     2
    Use: Scroll            |     3 |     6 |     9 |    10 |     7 |    31 |     3 ||    69
         Potion            |     2 |       |     1 |     6 |     2 |     9 |     1 ||    21
 Armour: Robe              |    12 |    11 |    27 |    57 |   171 |   320 |   104 ||   702
  Dodge: Dodged            |    50 |    18 |    43 |   174 |   410 |   783 |   255 ||  1733
  Block: Other             |       |       |       |       |    87 |   128 |    42 ||   257
         Reflection        |       |       |       |       |    20 |    22 |     9 ||    51
